AoeStats
← KK

Arabia

508569190Analyzed
1v1 RM · 10d ago on Sep 23, 2026· 42m 33s· 2 players
Game mode
Random Map
Map size
Tiny (2 player)
Population
200
Speed
Normal
Resources
Standard
Victory
Conquest
Starting age
Dark Age
Ending age
Imperial Age
RankedLock teamsTeams togetherTeam positionsShared explorationLock speedFull tech treeHidden civsTurbo modeCheats
Victory
Defeat
🇨🇳 Mapuche · China
1663
+17
🇧🇷 Tatars · Brazil
1676
-17
KK
5:59 Loom
9:01 Feudal Age
9:35 Double-Bit Axe
10:10 Horse Collar
10:53 Champi Runner
12:57 Scale Mail Armor
16:08 Wheelbarrow
22:24 Castle Age
20:36 Forging
20:28 Gold Mining
20:25 Arson
23:23 Chain Mail Armor
22:30 Champi Warrior
23:49 Iron Casting
23:26 Bow Saw
27:26 Gold Shaft Mining
VkA | LimaoNub
6:03 Loom
6:38 Loom
9:16 Feudal Age
9:47 Double-Bit Axe
12:43 Fletching
14:40 Padded Archer Armor
22:04 Castle Age
20:45 Horse Collar
20:56 Gold Mining
22:31 Crossbowman
23:07 Bodkin Arrow
24:33 Husbandry
24:44 Bloodlines
25:35 Leather Archer Armor
26:48 Gold Shaft Mining
26:55 Bow Saw
Connection lost

Rejoining the realm…

Still unreachable

The connection could not be restored.

Session expired

The server has moved on; the page needs a fresh start.